TOP OF THE 1ST |
---|
North Carolina State Wolfpack batting - Pitching for Minnesota Golden Gophers : RHP Mike Barnett | Pitching: RHP Mike Barnett | | Batting: LHB Steven Gregory | 0-0: Ball 1-0: Ball 2-0: Foul Ball, location: 2F 2-1: Ground out 4-3 (Groundball, 4M) | Batting: SHB Dave Williams | 0-0: Called Strike 0-1: Foul Ball, location: 2F 0-2: Ground out 5-3 (Groundball, 56) | Batting: LHB Aaron Atkins | 0-0: Foul Ball, location: 2F 0-1: Swinging Strike 0-2: Ball 1-2: Ball 2-2: Ball 3-2: Foul Ball, location: 2F 3-2: Fly out, F9 (Line Drive, 9) | Top of the 1st over - 0 runs, 0 hits, 0 errors, 0 left on base; North Carolina State 0 - Minnesota 0 | BOTTOM OF THE 1ST |
---|
Minnesota Golden Gophers batting - Pitching for North Carolina State Wolfpack : RHP Ronnie Hampshire | Pitching: RHP Ronnie Hampshire | | Batting: SHB Enrique Stevenson | 0-0: Called Strike 0-1: Ball 1-1: Fly out, F9 (Line Drive, 89S) | Batting: RHB Travis Alexander | 0-0: Ball 1-0: Fly out, F3 (Line Drive, 34) | Batting: LHB Will Rhodes | 0-0: Called Strike 0-1: Swinging Strike 0-2: Ball 1-2: Ball 2-2: Foul Ball, location: 2F 2-2: Ball 3-2: Base on Balls | Batting: LHB Arturo Nieves | 0-0: 2-RUN HOME RUN (Flyball, 9LD), Distance : 335 ft | Batting: LHB Emory Lawson | 0-0: Called Strike 0-1: SOLO HOME RUN (Flyball, 89XD), Distance : 370 ft | Batting: RHB Felipe Berrios | 0-0: SINGLE (Line Drive, 9LS) | Batting: RHB Jorge Morán | 0-0: Swinging Strike 0-1: Ball 1-1: Ball 2-1: Foul Ball, location: 2F 2-2: Foul Ball, location: 2F 2-2: Fly out, F7 (Flyball, 7) | Bottom of the 1st over - 3 runs, 3 hits, 0 errors, 1 left on base; North Carolina State 0 - Minnesota 3 | TOP OF THE 2ND |
---|
North Carolina State Wolfpack batting - Pitching for Minnesota Golden Gophers : RHP Mike Barnett | Batting: LHB John Fuller | 0-0: Foul Ball, location: 2F 0-1: Swinging Strike 0-2: Ball 1-2: Foul Ball, location: 2F 1-2: Strikes out swinging | Batting: LHB Ryan Cook | 0-0: Ball 1-0: Ball 2-0: Ball 3-0: Called Strike 3-1: Ground out 5-3 (Groundball, 6) | Batting: LHB Ramón Quintanilla | 0-0: Foul Ball, location: 2F 0-1: Foul Ball, location: 2F 0-2: Foul Ball, location: 2F 0-2: Foul Ball, location: 2F 0-2: Ball 1-2: Strikes out swinging | Top of the 2nd over - 0 runs, 0 hits, 0 errors, 0 left on base; North Carolina State 0 - Minnesota 3 | BOTTOM OF THE 2ND |
---|
Minnesota Golden Gophers batting - Pitching for North Carolina State Wolfpack : RHP Ronnie Hampshire | Batting: RHB Joseph Brown | 0-0: Ball 1-0: Swinging Strike 1-1: SINGLE (Flyball, 89M) | Batting: LHB Bob Jensen | 0-0: Called Strike 0-1: Ball 1-1: SINGLE (Groundball, 6MD) Joseph Brown to second | Batting: SHB Enrique Stevenson | 0-0: Ball 1-0: Foul Ball, location: 2F 1-1: SINGLE (Groundball, 4MD) Joseph Brown to third Bob Jensen to second | Batting: RHB Travis Alexander | 0-0: Ball 1-0: Ball 2-0: Ball 3-0: Base on Balls Joseph Brown scores Bob Jensen to third Enrique Stevenson to second | Batting: LHB Will Rhodes | 0-0: Ball 1-0: Foul Ball, location: 2F 1-1: Ball 2-1: Ball 3-1: Foul Ball, location: 2F 3-2: Strikes out swinging | Batting: LHB Arturo Nieves | 0-0: Ball 1-0: Swinging Strike 1-1: Called Strike 1-2: Ball 2-2: Foul Ball, location: 2F 2-2: Ball 3-2: Foul Ball, location: 2F 3-2: Base on Balls Bob Jensen scores Enrique Stevenson to third Travis Alexander to second | Batting: LHB Emory Lawson | 0-0: Swinging Strike 0-1: Foul Ball, location: 2F 0-2: Ball 1-2: Foul Ball, location: 2F 1-2: Ball 2-2: Ball 3-2: Base on Balls Enrique Stevenson scores Travis Alexander to third Arturo Nieves to second | Batting: RHB Felipe Berrios | 0-0: Ball 1-0: Ball 2-0: Ball 3-0: Base on Balls Travis Alexander scores Arturo Nieves to third Emory Lawson to second | Batting: RHB Jorge Morán | 0-0: Ball 1-0: Fly out, F9 (Flyball, 9S) | Batting: RHB Joseph Brown | 0-0: Ball 1-0: Fly out, F7 (Line Drive, 7) | Bottom of the 2nd over - 4 runs, 3 hits, 0 errors, 3 left on base; North Carolina State 0 - Minnesota 7 | TOP OF THE 3RD |
---|
North Carolina State Wolfpack batting - Pitching for Minnesota Golden Gophers : RHP Mike Barnett | Batting: RHB Chris Seals | 0-0: Swinging Strike 0-1: Foul Ball, location: 2F 0-2: Strikes out swinging | Batting: RHB Héctor Meléndez | 0-0: Ground out 4-3 (Groundball, 4) | Batting: LHB Trent Harper | 0-0: Ball 1-0: Fly out, F4 (Popup, 4M) | Top of the 3rd over - 0 runs, 0 hits, 0 errors, 0 left on base; North Carolina State 0 - Minnesota 7 | BOTTOM OF THE 3RD |
---|
Minnesota Golden Gophers batting - Pitching for North Carolina State Wolfpack : RHP Ronnie Hampshire | Batting: LHB Bob Jensen | 0-0: Ball 1-0: Reached on error, E6 (Groundball, 6) | Batting: SHB Enrique Stevenson | 0-0: SINGLE (Groundball, 3S) (infield hit) Bob Jensen to second | Batting: RHB Travis Alexander | 0-0: Foul Ball, location: 2F 0-1: Swinging Strike 0-2: SINGLE (Groundball, 4MD) Bob Jensen to third Enrique Stevenson to second | Batting: LHB Will Rhodes | 0-0: Called Strike 0-1: Grounds into double play, 3-6-3 (Groundball, 34) Bob Jensen scores Enrique Stevenson to third | Batting: LHB Arturo Nieves | 0-0: Ball 1-0: Ball 2-0: Called Strike 2-1: Swinging Strike 2-2: Ball 3-2: Foul Ball, location: 2F 3-2: Foul Ball, location: 2F 3-2: Base on Balls | Pitching: RHP Xavier Reed | | Batting: LHB Emory Lawson | 0-0: Called Strike 0-1: Ball 1-1: Ball 2-1: SINGLE (Flyball, 78M) Enrique Stevenson scores Arturo Nieves to second | Batting: RHB Felipe Berrios | 0-0: Fly out, F5 (Popup, 25F) | Bottom of the 3rd over - 2 runs, 3 hits, 1 error, 2 left on base; North Carolina State 0 - Minnesota 9 | TOP OF THE 4TH |
---|
North Carolina State Wolfpack batting - Pitching for Minnesota Golden Gophers : RHP Mike Barnett | Batting: LHB Steven Gregory | 0-0: Ball 1-0: Called Strike 1-1: Called Strike 1-2: Ground out 5-3 (Groundball, 56S) | Batting: SHB Dave Williams | 0-0: Ball 1-0: Fly out, F9 (Line Drive, 89D) | Batting: LHB Aaron Atkins | 0-0: Ball 1-0: Ball 2-0: Called Strike 2-1: Ball 3-1: Base on Balls | Batting: LHB John Fuller | 0-0: Fielders Choice at 2nd, 5-4 (Groundball, 56) | Top of the 4th over - 0 runs, 0 hits, 0 errors, 1 left on base; North Carolina State 0 - Minnesota 9 | BOTTOM OF THE 4TH |
---|
Minnesota Golden Gophers batting - Pitching for North Carolina State Wolfpack : RHP Xavier Reed | Batting: RHB Jorge Morán | 0-0: Ball 1-0: Ball 2-0: Called Strike 2-1: Foul Ball, location: 2F 2-2: SINGLE (Groundball, 56D) | Batting: RHB Joseph Brown | 0-0: Ball 1-0: Foul Ball, location: 2F 1-1: Ball 2-1: SINGLE (Groundball, 4D) Jorge Morán to second Runner from 2nd tries for 3rd, OUT! | Batting: LHB Bob Jensen | 0-0: Ball 1-0: Ball 2-0: Ball 3-0: Called Strike 3-1: Swinging Strike 3-2: Fly out, F9 (Flyball, 9S) | Batting: SHB Enrique Stevenson | 0-0: Ball 1-0: Swinging Strike 1-1: Foul Ball, location: 2F 1-2: Fly out, F9 (Line Drive, 9) | Bottom of the 4th over - 0 runs, 2 hits, 0 errors, 1 left on base; North Carolina State 0 - Minnesota 9 | TOP OF THE 5TH |
---|
North Carolina State Wolfpack batting - Pitching for Minnesota Golden Gophers : RHP Mike Barnett | Batting: LHB Ryan Cook | 0-0: Hit by Pitch | Batting: LHB Ramón Quintanilla | 0-0: Ball Ryan Cook steals 2nd base 1-0: Ground out U3 (Groundball, 34) Ryan Cook to third | Batting: RHB Chris Seals | 0-0: Called Strike 0-1: Ball 1-1: Ball 2-1: Swinging Strike 2-2: Fly out, F8 (Line Drive, 8LM) Runner from 3rd tags up, SCORES, no throw | Batting: RHB Héctor Meléndez | 0-0: Called Strike 0-1: Foul Ball, location: 2F 0-2: SINGLE (Line Drive, 4MD) | Batting: LHB Trent Harper | 0-0: Foul Ball, location: 2F 0-1: Swinging Strike 0-2: Ball 1-2: Strikes out looking | Top of the 5th over - 1 run, 1 hit, 0 errors, 1 left on base; North Carolina State 1 - Minnesota 9 | BOTTOM OF THE 5TH |
---|
Minnesota Golden Gophers batting - Pitching for North Carolina State Wolfpack : RHP Xavier Reed | Batting: RHB Travis Alexander | 0-0: Called Strike 0-1: Foul Ball, location: 2F 0-2: Strikes out swinging | Batting: LHB Will Rhodes | 0-0: Called Strike 0-1: Ball 1-1: Fly out, F8 (Flyball, 89XD) | Batting: LHB Arturo Nieves | 0-0: Swinging Strike 0-1: Swinging Strike 0-2: Strikes out looking | Bottom of the 5th over - 0 runs, 0 hits, 0 errors, 0 left on base; North Carolina State 1 - Minnesota 9 | TOP OF THE 6TH |
---|
North Carolina State Wolfpack batting - Pitching for Minnesota Golden Gophers : RHP Mike Barnett | Batting: LHB Steven Gregory | 0-0: Ball 1-0: Swinging Strike 1-1: Ground out 5-3 (Groundball, 56S) | Batting: SHB Dave Williams | 0-0: Ball 1-0: Ground out 4-3 (Groundball, 4) | Batting: LHB Aaron Atkins | 0-0: Ball 1-0: Ball 2-0: Ground out 5-3 (Groundball, 56) | Top of the 6th over - 0 runs, 0 hits, 0 errors, 0 left on base; North Carolina State 1 - Minnesota 9 | BOTTOM OF THE 6TH |
---|
Minnesota Golden Gophers batting - Pitching for North Carolina State Wolfpack : RHP Xavier Reed | Batting: LHB Emory Lawson | 0-0: TRIPLE (Flyball, 78XD) | Batting: RHB Felipe Berrios | 0-0: Called Strike 0-1: Foul Ball, location: 2F 0-2: Ball 1-2: Strikes out swinging | Batting: RHB Jorge Morán | 0-0: Fly out, F9 (Flyball, 9S) | Batting: RHB Joseph Brown | 0-0: Ball 1-0: Ball 2-0: Called Strike 2-1: SINGLE (Groundball, 6MD) Emory Lawson scores | Batting: LHB Bob Jensen | 0-0: Called Strike 0-1: Fly out, F5 (Line Drive, 5) | Bottom of the 6th over - 1 run, 2 hits, 0 errors, 1 left on base; North Carolina State 1 - Minnesota 10 | TOP OF THE 7TH |
---|
North Carolina State Wolfpack batting - Pitching for Minnesota Golden Gophers : RHP Mike Barnett | Now at C: Duane Clarke | | Batting: LHB John Fuller | 0-0: Foul Ball, location: 2F 0-1: Foul Ball, location: 2F 0-2: SINGLE (Groundball, 25) (infield hit) | Batting: LHB Ryan Cook | 0-0: Ball 1-0: Foul Ball, location: 2F 1-1: Ball 2-1: Called Strike 2-2: Ball 3-2: Foul Ball, location: 2F 3-2: Base on Balls John Fuller to second | Pitching: RHP Máximo Rivera | | Batting: LHB Ramón Quintanilla | 0-0: Ball 1-0: Called Strike 1-1: Grounds into double play, 4-6-3 (Groundball, 4) John Fuller to third | Batting: RHB Chris Seals | 0-0: Ball 1-0: Ball 2-0: Called Strike 2-1: Called Strike 2-2: Foul Ball, location: 2F 2-2: Foul Ball, location: 2F 2-2: Ball 3-2: Strikes out swinging | Top of the 7th over - 0 runs, 1 hit, 0 errors, 1 left on base; North Carolina State 1 - Minnesota 10 | BOTTOM OF THE 7TH |
---|
Minnesota Golden Gophers batting - Pitching for North Carolina State Wolfpack : RHP Xavier Reed | Batting: SHB Enrique Stevenson | 0-0: Ball 1-0: Ball 2-0: Foul Ball, location: 2F 2-1: Fly out, F5 (Flyball, 56D) | Batting: RHB Travis Alexander | 0-0: Fly out, F6 (Popup, 6MS) | Batting: LHB Will Rhodes | 0-0: Ball 1-0: Foul Ball, location: 2F 1-1: Fly out, F4 (Popup, 4) | Bottom of the 7th over - 0 runs, 0 hits, 0 errors, 0 left on base; North Carolina State 1 - Minnesota 10 | TOP OF THE 8TH |
---|
North Carolina State Wolfpack batting - Pitching for Minnesota Golden Gophers : RHP Máximo Rivera | Batting: RHB Héctor Meléndez | 0-0: Ball 1-0: Called Strike 1-1: Ball 2-1: Fly out, F9 (Flyball, 9) | Batting: LHB Trent Harper | 0-0: Swinging Strike 0-1: Called Strike 0-2: Ball 1-2: Ball 2-2: Strikes out swinging | Batting: LHB Steven Gregory | 0-0: Ball 1-0: Called Strike 1-1: Ground out 4-3 (Groundball, 4) | Top of the 8th over - 0 runs, 0 hits, 0 errors, 0 left on base; North Carolina State 1 - Minnesota 10 | BOTTOM OF THE 8TH |
---|
Minnesota Golden Gophers batting - Pitching for North Carolina State Wolfpack : RHP Xavier Reed | Batting: LHB Arturo Nieves | 0-0: SINGLE (Groundball, 4MS) (infield hit) | Batting: LHB Emory Lawson | 0-0: Ball 1-0: Called Strike 1-1: Foul Ball, location: 2F 1-2: Ball 2-2: SINGLE (Groundball, 34D) Arturo Nieves to second Runner from 2nd tries for 3rd, SAFE, throw made to third | Pitching: RHP Simon Fox | | Batting: RHB Duane Clarke | 0-0: Foul Ball, location: 2F 0-1: Foul Ball, location: 2F 0-2: Ball Emory Lawson steals 2nd base 1-2: Ball 2-2: Ball 3-2: Base on Balls | Batting: RHB Jorge Morán | 0-0: Foul Ball, location: 2F 0-1: Called Strike 0-2: Ball 1-2: Fly out, F4 (Flyball, 4MD) | Batting: RHB Joseph Brown | 0-0: SINGLE (Flyball, 89S) Arturo Nieves scores Emory Lawson to third Duane Clarke to second Runner from 3rd tries for Home, SAFE, no throw | Batting: LHB Bob Jensen | 0-0: Ground out U3 (Groundball, 34S) Duane Clarke to third Joseph Brown to second | Batting: SHB Enrique Stevenson | 0-0: Called Strike 0-1: Fly out, F8 (Flyball, 78S) | Bottom of the 8th over - 2 runs, 3 hits, 0 errors, 2 left on base; North Carolina State 1 - Minnesota 12 | TOP OF THE 9TH |
---|
North Carolina State Wolfpack batting - Pitching for Minnesota Golden Gophers : RHP Máximo Rivera | Batting: SHB Dave Williams | 0-0: Ball 1-0: Ball 2-0: Foul Ball, location: 2F 2-1: Foul Ball, location: 2F 2-2: Foul Ball, location: 2F 2-2: Strikes out swinging | Batting: LHB Aaron Atkins | 0-0: DOUBLE (Line Drive, 7LD) | Batting: LHB John Fuller | 0-0: Ball 1-0: Fly out, F6 (Popup, 4MS) | Batting: LHB Ryan Cook | 0-0: Ball 1-0: Ball 2-0: Foul Ball, location: 2F 2-1: Ball 3-1: Base on Balls | Batting: LHB Ramón Quintanilla | 0-0: Fly out, F7 (Flyball, 7S) | Top of the 9th over - 0 runs, 1 hit, 0 errors, 2 left on base; North Carolina State 1 - Minnesota 12 | |